 Dungeon Crawl Stone Soup version 0.30-a0-23-ge60ba3568b (webtiles) character file.

Game seed: 4164149144049056458

1 drugrobin the Sneak (level 1, 0/18 HPs)
             Began as a Demigod Delver on Aug 26, 2022.
             Slain by a white imp (4 damage)
             ... summoned by Eustachio
             ... on level 4 of the Dungeon.
             The game lasted 00:01:51 (295 turns).

drugrobin the Sneak (Demigod Delver)                 Turns: 295, Time: 00:01:52

Health: 0/18       AC:  3    Str: 13      XL:     1   Next: 13%
Magic:  3/3        EV: 11    Int: 12      God:
Gold:   0          SH:  0    Dex: 12 (15) Spells: 0/0 levels left

rFire   . . .      SeeInvis .    a - +0 short sword
rCold   . . .      Faith    .    (no shield)
rNeg    . . .      Spirit   .    b - +0 leather armour
rPois   .          Reflect  .    (no helmet)
rElec   .          Harm     .    (no cloak)
rCorr   .          Rampage  .    (no gloves)
Will    .....                    (no boots)
Stlth   ++........               (no amulet)
HPRegen 0.06/turn                (no ring)
MPRegen 0.08/turn                (no ring)

@: no status effects
A: high MP 1, forlorn, divine attributes
a: no special abilities


You were on level 4 of the Dungeon.
You visited 1 branch of the dungeon, and saw 3 of its levels.

Inventory:

Hand Weapons
 a - a +0 short sword (weapon)
Missiles
 j - 5 poisoned darts (quivered)
 k - 7 stones
Armour
 b - a +0 leather armour (worn)
Wands
 g - a wand of digging (3)
 h - a wand of roots (6)
Scrolls
 c - a scroll of fog
 d - a scroll of magic mapping
 e - a scroll of fear
 l - a scroll of teleportation {unknown}
Potions
 f - a potion of haste


   Skills:
 - Level 2.6 Fighting
 + Level 1.9 Short Blades
 - Level 1.7 Dodging
 - Level 4.5 Stealth


You couldn't memorise any spells.
You didn't know any spells.
Your spell library was empty.

Dungeon Overview and Level Annotations

Branches:
Dungeon (6/15)
 Temple: D:4-7

Annotations:
D:4 Eustachio
D:5 exclusions: hound, ogre and scorpion, Sigmund


Innate Abilities, Weirdness & Mutations

You have an increased reservoir of magic. (+10% MP)
You shall have no god before yourself.
Your divine heritage dramatically boosts your attributes as you level up.


Message History

The white imp hits you but does no damage.
Unknown command.
Unknown command.
Unknown command.
Unknown command.
Throw: javelin
Press: ? - help, Q - select action, (/) - cycle Shift-Dir - straight line, f/p - Eustachio
Aim: Eustachio, wielding a +0 falchion and wearing a +0 leather armour (almost dead, fast, 48% to hit)
You throw a javelin. The javelin closely misses the quokka.
The javelin completely misses Eustachio.
The quasit bites you. The quasit closely misses you. The quasit claws you.
* * * LOW HITPOINT WARNING * * *
You feel clumsy. The quokka barely misses you.
The quasit bites you but does no damage.
The quasit barely misses you. x2
The white imp gestures at you. The puff of frost misses you.
The quokka barely misses you.
Unknown command.
Unknown command.
Unknown command.
Unknown command.
Unknown command.
Unknown command.
Aiming: Fastroot
Press: ? - help, Shift-Dir - straight line, f/p - Eustachio
Aim: Eustachio, wielding a +0 falchion and wearing a +0 leather armour (almost dead, fast)
The roots erupt in riotous growth!
Roots grab the white imp.
Roots grab the quasit.
Roots grab Eustachio.
Roots grab the quokka.
The grasping roots constrict Eustachio.
The grasping roots constrict the white imp.
The grasping roots constrict the quasit.
The grasping roots constrict the quokka.
The quasit barely misses you. The quasit claws you.
* * * LOW HITPOINT WARNING * * *
You feel clumsy.
The quasit claws you but does no damage.
The white imp hits you.
You die...

.+## ♣ #... ♣~
#... ♣♣P.#..#
~♣~~P#..####+##
~PP......#@5@(#
.........#5r..#
.......>.#b..(#
.........5.(..+
..####..#((####
######......#
......# ......#
......#


You could see Eustachio (fast, rooted), a quasit (summoned, rooted), a crimson
imp (summoned), a white imp (summoned, rooted), a quokka (summoned, rooted) and
a bat (summoned).

Vanquished Creatures
  A hobgoblin (D:4)
1 creature vanquished.

Vanquished Creatures (others)
  5 plants
5 creatures vanquished.

Grand Total: 6 creatures vanquished

Notes
Turn   | Place    | Note
-------+----------+-------------------------------------------
     0 | D:5      | drugrobin the Demigod Delver began the quest for the Orb.
     0 | D:5      | Reached XP level 1. HP: 18/18 MP: 3/3
     0 | D:5      | Noticed Sigmund
    37 | D:5      | Noticed an ogre
    66 | D:5      | Noticed a scorpion
    92 | D:5      | Noticed a hound
   148 | D:5      | Noticed an iguana
   153 | D:5      | Noticed a phantom
   285 | D:4      | Noticed Eustachio
   290 | D:4      | Noticed a crimson imp
   290 | D:4      | Noticed a quasit
   295 | D:4      | Slain by a white imp

Illustrated notes

Levels and vault maps discovered:
D:4:      layout_gridville, mainiacjoe_overflow_alcove_4, serial_bayou_pond_c,
          lightli_minifort, uniq_edmund, uniq_eustachio
D:5:      layout_basic, nicolae_hepliaklqana_hazy_memory, uniq_sigmund
D:6:      layout_rooms, nicolae_ru_path_of_blood, fedhas_altar_decomposition,
          minmay_temple_entry_antechambers, minmay_strange_pillars,
          ebering_dispersal_statue_hall

Action                   || total
-------------------------++-------
Melee: Short sword       ||     9
Throw: Javelin           ||     8
Evoke: Wand              ||     2
Armor: Leather armour    ||     6
Dodge: Dodged            ||    20

Table legend: (Time is in decaauts)
 A = Elapsed time spent in this place.
 B = Non-inter-level travel time spent in this place.
 C = Inter-level travel time spent in this place.
 D = Time resting spent in this place.
 E = Time spent auto-exploring this place.
 F = Levels seen in this place.
 G = Mean time per level.
                   A        B        C        D        E       F      G
               +--------+--------+--------+--------+--------+-----+--------+
         Total |    298 |    274 |     24 |     76 |     61 |   3 |   99.3 |
       Dungeon |    298 |    274 |     24 |     76 |     61 |   3 |   99.3 |
               +--------+--------+--------+--------+--------+-----+--------+

Top non-repeatable levels by time:
     D:5: 177 daAuts
     D:4: 108 daAuts
     D:6: 11 daAuts
